 Dungeon Crawl Stone Soup version 0.29-a0-664-gff9cad4a3d (webtiles) character file.

Game seed: 11946383744671771426

18 DocClef the Skirmisher (level 2, 0/16 HPs)
             Began as a Vine Stalker Fighter on June 22, 2022.
             Slain by a hobgoblin (1 damage)
             ... on level 1 of the Dungeon.
             The game lasted 00:00:37 (529 turns).

DocClef the Skirmisher (Vine Stalker Fighter)        Turns: 529, Time: 00:00:37

Health: 0/16       AC:  6    Str: 18    XL:     2   Next: 66%
Magic:  0/3        EV:  9    Int:  8    God:
Gold:   0          SH:  4    Dex: 13    Spells: 1/1 levels left

rFire   . . .      SeeInvis .   a - +0 flail
rCold   . . .      Faith    .   c - +0 buckler
rNeg    . . .      Spirit   +   b - +0 scale mail
rPois   .          Reflect  .   (no helmet)
rElec   .          Harm     .   (no cloak)
rCorr   .          Rampage  .   (no gloves)
Will    .....                   (no boots)
Stlth   ..........              (no amulet)
HPRegen 0.05/turn               (no ring)
MPRegen 0.08/turn               (no ring)

@: no status effects
A: fangs 2, magic shield, antimagic bite, no potion heal 2
a: no special abilities


You were on level 1 of the Dungeon.
You visited 1 branch of the dungeon, and saw 1 of its levels.

Inventory:

Hand Weapons
 a - a +0 flail (weapon)
Armour
 b - a +0 scale mail (worn)
 c - a +0 buckler (worn)
Scrolls
 e - a scroll of fear {unknown}
 f - 2 scrolls of teleportation {unknown}
 g - a scroll of identify {unknown}
Potions
 d - a potion of might


   Skills:
 + Level 3.5 Fighting
 - Level 1.7 Maces & Flails
 - Level 2.4 Armour
 - Level 2.6 Shields


You had one spell level left.
You didn't know any spells.
Your spell library was empty.

Dungeon Overview and Level Annotations

Branches:
Dungeon (1/15)

Altars:


Innate Abilities, Weirdness & Mutations

You have extremely sharp teeth.
When hurt, damage is shared between your health and your magic reserves.
Your bite disrupts and absorbs the magic of your enemies.
Potions cannot restore your health.


Message History

You sock the jackal!
You kill the jackal!
You block the jackal's attack.
You closely miss the jackal. The jackal closely misses you. x2
The hobgoblin hits you but does no damage.
You closely miss the jackal. Your bite misses the jackal.
The jackal bites you but does no damage.
The hobgoblin closely misses you. The jackal bites you.
* * * LOW HITPOINT WARNING * * *
You barely miss the jackal. You bite the jackal. You drain its power.
You feel invigorated.
The jackal is moderately wounded.
The jackal misses you. You block the hobgoblin's attack.
The jackal closely misses you.
You hit the jackal. You bite the jackal, but do no damage.
The jackal is severely wounded.
The hobgoblin hits you but does no damage.
The jackal bites you but does no damage.
The hobgoblin hits you.
* * * LOW HITPOINT WARNING * * *
The jackal bites you but does no damage.
You hit the jackal.
The jackal is almost dead.
The jackal bites you but does no damage.
The hobgoblin hits you but does no damage.
You barely miss the jackal. Your bite misses the jackal.
The jackal is almost dead.
The jackal barely misses you.
The hobgoblin hits you but does no damage.
The jackal misses you.
You barely miss the jackal.
The jackal is almost dead.
The jackal bites you but does no damage.
You block the hobgoblin's attack. The jackal bites you.
* * * LOW HITPOINT WARNING * * *
The hobgoblin closely misses you.
You hit the jackal but do no damage. You bite the jackal.
You kill the jackal!
The hobgoblin hits you.
You die...

########### ##.......#
#.........# ###.......##
#.........###h..##.h.##
#.........##hh###h.######## #
#.........##.## #.hh....... #
#.........#h.# #.......... #
#...........## #...$......
########.###..######.†........
...............†@g............
########.##..######...........
########.##.## #...........
.........#..# #.#......(..
####..###..## #.#......... #
#### #.## ..#.........
########### ##§≈§§§# ##≈§≈≈≈#


You could see a hobgoblin.

Vanquished Creatures
  A ball python (D:1)
  A bat (D:1)
  An endoplasm (D:1)
  2 goblins (D:1)
  A hobgoblin (D:1)
  7 jackals (D:1)
  A kobold (D:1)
14 creatures vanquished.

Notes
Turn   | Place    | Note
-------+----------+-------------------------------------------
     0 | D:1      | DocClef the Vine Stalker Fighter began the quest for the
                  | Orb.
     0 | D:1      | Reached XP level 1. HP: 11/11 MP: 2/2
   120 | D:1      | Reached skill level 3 in Fighting
   125 | D:1      | Reached XP level 2. HP: 4/16 MP: 0/3
   529 | D:1      | Slain by a hobgoblin

Illustrated notes

Levels and vault maps discovered:
D:1:      grunt_arrival_lava_bath, layout_rooms, basic_ecumenical_altar,
          chequers_garden, minmay_box_of_dots

Skill      XL: |  1 |
---------------+----+-----
Fighting       | 3 |  3.5
Maces & Flails | |  1.7
Armour         | |  2.4
Shields        | |  2.6

Action                   || total
-------------------------++-------
Melee: Flail             ||    61
       Bite              ||    12
Armor: Scale mail        ||    60
Dodge: Dodged            ||    69
Block: Buckler           ||    33

Table legend: (Time is in decaauts)
 A = Elapsed time spent in this place.
 B = Non-inter-level travel time spent in this place.
 C = Inter-level travel time spent in this place.
 D = Time resting spent in this place.
 E = Time spent auto-exploring this place.
 F = Levels seen in this place.
 G = Mean time per level.
                   A        B        C        D        E       F      G
               +--------+--------+--------+--------+--------+-----+--------+
         Total |    550 |    550 |      0 |    169 |    241 |   1 |  550.0 |
       Dungeon |    550 |    550 |      0 |    169 |    241 |   1 |  550.0 |
               +--------+--------+--------+--------+--------+-----+--------+

Top non-repeatable levels by time:
     D:1: 550 daAuts
